 Dungeon Crawl Stone Soup version 0.28-a0-726-g4a9143789a (webtiles) character file.

Game seed: 11802106472736100598

11204 lawman0 the Carver (level 11, -4/84 HPs)
             Began as a Barachi Fighter on Oct 27, 2021.
             Was an Initiate of Gozag.
             Slain by a komodo dragon (19 damage)
             ... on level 1 of the Lair of Beasts.
             The game lasted 00:18:34 (7973 turns).

lawman0 the Carver (Barachi Fighter)                Turns: 7973, Time: 00:18:35

Health: -4/84      AC: 12    Str: 19    XL:     11   Next: 74%
Magic:  28/28      EV: 12    Int: 11    God:    Gozag
Gold:   657        SH:  6    Dex: 17    Spells: 13/21 levels left

rFire   . . .      SeeInvis .   a - +1 long sword (elec)
rCold   . . .      Faith    .   c - +0 buckler
rNeg    . . .      Spirit   .   s - +0 scale mail
rPois   .          Reflect  .   H - +0 helmet
rElec   .          Harm     .   I - +0 cloak
rCorr   .          Rampage  .   z - +0 pair of gloves
Will    .....                   (no boots)
Stlth   +.........              g - amulet of regeneration
HPRegen 1.24/turn               t - ring of magical power
MPRegen 0.21/turn               k - +6 ring of dexterity

@: slow
A: amphibious, slowness 1, strong legs 1, +LOS
a: Hop, Renounce Religion, Potion Petition, Call Merchant, Bribe Branch


You were on level 1 of the Lair of Beasts.
You worshipped Gozag.
Gozag was pleased with you.
You visited 3 branches of the dungeon, and saw 12 of its levels.

You collected 1525 gold pieces.
You spent 80 gold pieces at shops.
You paid 788 gold pieces to Gozag.

Inventory:

Hand Weapons
 a - a +1 long sword of electrocution (weapon)
 b - a +0 hunting sling
Missiles
 f - 34 sling bullets
 v - 18 poisoned darts (quivered)
 w - 4 throwing nets
 J - 3 silver javelins
Armour
 c - a +0 buckler (worn)
 s - a +0 scale mail (worn)
 z - a +0 pair of gloves (worn)
 H - a +0 helmet (worn)
 I - a +0 cloak (worn)
Jewellery
 g - an amulet of regeneration (around neck)
 k - a +6 ring of dexterity (right hand)
 t - a ring of magical power (left hand)
Wands
 A - a wand of flame (12)
 F - a wand of paralysis (4)
Scrolls
 i - a scroll of summoning {unknown}
 j - a scroll of teleportation
 n - a scroll of fog
 p - 2 scrolls of blinking
 y - 2 scrolls of noise
Potions
 d - 2 potions of cancellation
 e - 5 potions of flight
 h - 2 potions of ambrosia
 o - a potion of heal wounds
 x - a potion of curing
 E - 2 potions of attraction {unknown}
 G - 2 potions of lignification {unknown}
 K - a potion of haste {unknown}


   Skills:
 + Level 7.6 Fighting
 * Level 14.0 Long Blades
 - Level 0.6(1.2) Slings
 + Level 1.6(1.7) Throwing
 + Level 9.0 Armour
 + Level 4.2 Dodging
 + Level 3.0 Stealth
 + Level 5.8 Shields
 * Level 5.5 Spellcasting
 * Level 2.9 Hexes
 + Level 4.4 Necromancy
 + Level 1.7 Evocations


You had 13 spell levels left.
You knew the following spells:

 Your Spells              Type           Power      Damage    Failure   Level
a - Vampiric Draining     Necr           6%         2d6       26%         3
b - Tukima's Dance        Hex            9%         N/A       43%         3
c - Apportation           Tloc           6%         N/A       45%         1
d - Summon Small Mammal   Summ           12%        N/A       45%         1

Your spell library contained the following spells:

 Spells                   Type           Power      Damage    Failure   Level
 Animate Skeleton         Necr           24%        N/A       9%          1
 Pain                     Necr           48%        1d6       9%          1
 Magic Dart               Conj           12%        1d3       45%         1
 Sandblast                Erth           6%         2d5       45%         1
 Portal Projectile        Hex/Tloc       12%        N/A       63%         3
 Animate Dead             Necr           6%         N/A       63%         4
 Fulminant Prism          Conj/Hex       3%         3d6       95%         4
 Iskenderun's Mystic Bla  Conj/Tloc      3%         2d3       99%         4
 Borgnjor's Vile Clutch   Necr/Erth      3%         N/A       99%         5
 Lee's Rapid Deconstruct  Erth           1%         3d5*      100%        5
 Death Channel            Necr           6%         N/A       100%        6


Dungeon Overview and Level Annotations

Branches:
Dungeon (10/15)            Temple (1/1) D:6            Lair (1/6) D:10
    Orc (0/2) D:10

Altars:
Ashenzari
Cheibriados
Dithmenos
Elyvilon
Fedhas
Gozag
Hepliaklqana
Kikubaaqudgha
Makhleb
Nemelex Xobeh
Okawaru
Qazlal
Ru
Sif Muna
Trog
Uskayaw
Vehumet
Wu Jian
Xom
Yredelemnul
Zin
The Shining One

Shops:
D:5 (   D:9 *

Portals:
Gauntlet: Lair:1

Annotations:
D:6 1 runed translucent door, 2 transporters, Crazy Yiuf; KoroneIsBestGirl's ghost, novice BaIE
D:10 2 runed translucent doors, ytrimaz's ghost, amateur FoFi


Innate Abilities, Weirdness & Mutations

You are amphibious.
You cover ground slowly.
You can hop short distances.
You have an extended range of vision and can be seen from far away.


Message History

Found a scroll labelled XEGEUNUE SAKYC.
i - a scroll labelled XEGEUNUE SAKYC
Found a scroll of immolation. 3 yaks come into view.
Found 4 gold pieces.
The yak bellows! x3
A yak comes into view.
The yak moves out of view.
You hear the faint crackling of a very distant melting archway.
You hear the loud beating of a drum very nearby.
The yak bellows!
You hear a bellow!
The yak gores you but does no damage.
A yak comes into view.
The yak moves out of view.
You block the yak's attack.
A komodo dragon comes into view.
Found a gate leading to a gauntlet.
The komodo dragon hisses angrily.
The komodo dragon bites you!! You block the yak's attack.
You closely miss the komodo dragon.
You hit the komodo dragon but do no damage.
The komodo dragon bites you but does no damage.
The yak barely misses you.
You slash the komodo dragon!
The komodo dragon is moderately wounded.
The komodo dragon bites you!! You block the yak's attack.
You are too injured to fight recklessly!
You slash the komodo dragon!
The komodo dragon is heavily wounded.
You barely miss the komodo dragon.
The komodo dragon is heavily wounded.
The komodo dragon bites you!!
* * * LOW HITPOINT WARNING * * *
The yak gores you!
* * * LOW HITPOINT WARNING * * *
You slash the komodo dragon!
The komodo dragon is severely wounded.
The komodo dragon bites you!!
You die...
Your body crumbles into a pile of gold.

##.####...# #..#....#...**,,*
♣#......### ##...#...?..,,*,*
#####.## ##YY#Y..####,,,**
### #.........,,*,,* ***
#..#.##.###.*,,**** ******,*
#$..........,,,*,,* *,,,,,,*
###...#.#.#,,,,,,,,
*,***#.#######Y.#*#**,,*,***,
****,,* #...∩.l@YYY# *,,,**
*, *,,,,** ###.#####..# **,**
** ***>,* *** #..#* *,* *
**,,* #...# *,* * *,,,*
*#...# *,* *,,,****** **P..##
**,**
**,,,,,,,*****,....****,,,**
*,**,,*,,,,,,,....,,,,,,,,*
*,,,,,,,,,,**,*###.,*,,,,**


You could see a komodo dragon and 4 yaks.

Vanquished Creatures
  A centaur warrior (D:8)
  2 two-headed ogres
  Pikel (D:4)
  A polar bear (Lair:1)
  A hornet (D:10)
  A troll (D:10)
  Sigmund (D:6)
  A shadow (D:9)
  4 wyverns
  15 yaks
  3 steam dragons
  4 wargs (D:10)
  5 water moccasins
  An acid dragon (D:10)
  An orc warrior (D:9)
  3 necrophages
  3 ogres
  3 ice beasts
  4 centaurs
  A lemure (D:4)
  Blork the orc (D:6)
  3 bullfrogs (Lair:1)
  A water moccasin zombie (D:3)
  3 gnoll sergeants
  6 killer bees (D:8)
  3 howler monkeys (D:10)
  An electric eel (D:10)
  8 wights
  4 centaur zombies
  A hound (D:6)
  3 orc priests
  A jelly (D:7)
  2 centaur skeletons
  2 gnoll shamans
  An iguana (D:10)
  9 orc wizards
  A hound skeleton (D:4)
  A howler monkey zombie (D:10)
  A howler monkey skeleton (D:7)
  22 gnolls
  9 adders
  2 shadow imps
  A white imp (D:5)
  2 ufetubi
  An adder skeleton (D:4)
  2 worms (D:3)
  20 orcs
  10 bats
  2 endoplasms
  4 giant cockroaches
  10 goblins
  4 hobgoblins
  8 kobolds
  6 quokkas
  2 ball pythons
  4 rats
217 creatures vanquished.

Vanquished Creatures (others)
  2 fungi (D:10)
  20 plants
22 creatures vanquished.

Grand Total: 239 creatures vanquished

Notes
Turn   | Place    | Note
-------+----------+-------------------------------------------
     0 | D:1      | lawman0 the Barachi Fighter began the quest for the Orb.
     0 | D:1      | Reached XP level 1. HP: 18/18 MP: 1/1
   187 | D:1      | Reached XP level 2. HP: 25/25 MP: 2/2
   435 | D:1      | Reached skill level 3 in Long Blades
   500 | D:1      | Found a faded altar of an unknown god.
   522 | D:2      | Reached XP level 3. HP: 23/30 MP: 3/3
   999 | D:3      | Reached skill level 4 in Long Blades
   999 | D:3      | Reached XP level 4. HP: 31/37 MP: 4/4
  1108 | D:3      | Reached skill level 5 in Long Blades
  1108 | D:3      | Reached XP level 5. HP: 42/42 MP: 5/5
  1379 | D:3      | Reached skill level 1 in Dodging
  1737 | D:4      | Noticed an ogre
  1872 | D:4      | Noticed a lemure
  1874 | D:4      | Noticed Pikel
  1874 | D:4      | Noticed a lemure
  1874 | D:4      | Noticed a lemure
  1875 | D:4      | Noticed a lemure
  1885 | D:4      | Killed a lemure
  1894 | D:4      | Killed Pikel
  1895 | D:4      | Reached skill level 7 in Long Blades
  1895 | D:4      | Reached skill level 5 in Armour
  1895 | D:4      | Reached XP level 6. HP: 33/49 MP: 6/6
  1895 | D:4      | Reached XP level 7. HP: 37/55 MP: 7/7
  1930 | D:4      | Reached skill level 8 in Long Blades
  2024 | D:4      | Reached XP level 8. HP: 61/61 MP: 8/8
  2134 | D:4      | Reached skill level 5 in Fighting
  2298 | D:5      | Entered Level 5 of the Dungeon
  2330 | D:4      | Reached skill level 9 in Long Blades
  2698 | D:5      | Found Aracvo's Antique Weapon Emporium.
  2760 | D:5      | Learned a level 3 spell: Vampiric Draining
  2896 | D:5      | Found a glowing golden altar of the Shining One.
  2896 | D:5      | Found a sacrificial altar of Ru.
  2896 | D:5      | Found a white marble altar of Elyvilon.
  2896 | D:5      | Found a bloodstained altar of Trog.
  2938 | D:5      | Reached skill level 1 in Necromancy
  3139 | D:6      | Noticed Blork the orc
  3141 | D:6      | Noticed Sigmund
  3146 | D:6      | Killed Blork the orc
  3167 | D:6      | Killed Sigmund
  3168 | D:6      | Reached skill level 1 in Spellcasting
  3169 | D:6      | Reached skill level 1 in Throwing
  3265 | D:6      | Reached skill level 1 in Evocations
  3271 | D:6      | Found a staircase to the Ecumenical Temple.
  3279 | Temple   | Entered the Ecumenical Temple
  3284 | Temple   | wtf
  3284 | Temple   | Became a worshipper of Gozag Ym Sagoz the Greedy
  3372 | D:6      | Found a runed translucent door.
  3373 | D:6      | Noticed Crazy Yiuf
  3486 | D:5      | Reached XP level 9. HP: 53/65 MP: 11/11
  3549 | D:6      | Reached skill level 10 in Long Blades
  3593 | D:6      | Found a transporter.
  3600 | D:6      | Noticed KoroneIsBestGirl's ghost (novice BaIE)
  3621 | D:6      | Found a transporter.
  5009 | D:8      | Noticed a centaur warrior
  5030 | D:8      | Killed a centaur warrior
  5031 | D:8      | Reached skill level 11 in Long Blades
  5031 | D:8      | Reached XP level 10. HP: 51/77 MP: 15/15
  5179 | D:8      | Reached skill level 5 in Shields
  5622 | D:9      | Noticed a two-headed ogre
  5870 | D:9      | Reached skill level 12 in Long Blades
  5984 | D:9      | Killed a two-headed ogre
  5985 | D:9      | Reached skill level 1 in Stealth
  6009 | D:9      | Reached XP level 11. HP: 63/84 MP: 18/18
  6082 | D:9      | Bought a potion of heal wounds for 80 gold pieces
  6122 | D:9      | Reached skill level 13 in Long Blades
  6201 | D:9      | Got the Volume of Ashen Malediction
  6206 | D:9      | Learned a level 3 spell: Tukima's Dance
  6233 | D:9      | Reached skill level 1 in Hexes
  6624 | D:10     | Entered Level 10 of the Dungeon
  6681 | D:10     | Found a staircase to the Orcish Mines.
  6809 | D:10     | Found a staircase to the Lair.
  6864 | D:10     | Reached skill level 5 in Spellcasting
  7075 | D:10     | Noticed a two-headed ogre
  7167 | D:10     | Killed a two-headed ogre
  7205 | D:10     | Found a radiant altar of Vehumet.
  7229 | D:10     | Got Vehumet's Volume of Confrontation
  7238 | D:10     | Found an ancient bone altar of Kikubaaqudgha.
  7249 | D:10     | Found a shimmering blue altar of Sif Muna.
  7405 | D:10     | Paralysed by a hornet for 3 turns
  7642 | D:10     | Found a large runed translucent door.
  7643 | D:10     | Found a large runed translucent door.
  7644 | D:10     | Noticed ytrimaz's ghost (amateur FoFi)
  7862 | Lair:1   | Entered Level 1 of the Lair of Beasts
  7867 | Lair:1   | Learned a level 1 spell: Apportation
  7869 | Lair:1   | Learned a level 1 spell: Summon Small Mammal
  7882 | Lair:1   | Noticed a four-headed hydra
  7915 | Lair:1   | Reached skill level 14 in Long Blades
  7965 | Lair:1   | Found a gate leading to a gauntlet.
  7973 | Lair:1   | Slain by a komodo dragon

Illustrated notes

#################
#.○○...°.°.°°○°○#
#○○.°○○.○°°○○°.○#
#○°.○°..○°○°°..○#
#..°_._._._._°°○#
#..°..........°○#
#○°._......._°°°#
#..°.........°°°#
#○○.@...<..._°.○#
#○.○.........°°○#
#°○........._.°°#
#○.°...........○#
#○°○_._._._._.°○#
#°°..○°°○...○..○#
#.○.○○○..°○○○.°○#
#○○..○.○.○○○.°.○#
#################


Turn 3284 on Temple: wtf

Levels and vault maps discovered:
D:1:      dpeg_arrival_short_road, layout_rooms,
          hellmonk_ecumenical_altar_inner_sanctum, minmay_misc_feat_tiny
D:2:      layout_rooms
D:3:      layout_loops_cross, dk_noncrumbling_4
D:4:      layout_rooms, uniq_pikel
D:5:      layout_basic, chequers_temple_overflow_statue_of_worship,
          serial_shops, shop
D:6:      layout_rooms, minmay_temple_entry_butterflies,
          gammafunk_ghost_stat_death, uniq_sigmund, uniq_crazy_yiuf_cottage,
          uniq_blork_the_orc
D:7:      layout_cave_pods, eino_curves_04
D:8:      layout_basic
D:9:      layout_basic
D:10:     layout_basic, palyth_temple_overflow_mages, minmay_lair_entry_grove,
          minmay_orc_entry_guard_dogs, ebering_ghost_disaster_area
Temple:   minmay_freezing_vapour_temple
Lair:1:   beast_lair_carwin_large_1, layout_loops_ring, gauntlet_entry_generic,
          portal_ice_cave_entry_imps, nicolae_quartered_pool_little,
          minivault_27, bh_autumn_forest_stairs, serial_bayou_shore_b,
          serial_bayou_shore_a, uniq_maggie

Skill      XL: |  1  2  3  4  5  6  7  8  9 10 11 |
---------------+----------------------------------+-----
Armour         | 4 5 6 7 8 9 |  9.0
Long Blades    | 3 4 5 7 8 9 11 12 14 | 14.0
Fighting       | 4 5 6 7 |  7.6
Dodging        | 1 2 3 4 |  4.2
Shields        | 4 5 |  5.8
Necromancy     | 2 3 4 |  4.4
Spellcasting   | 1 3 4 5 |  5.5
Throwing       | 1 |  1.6
Evocations     | 1 |  1.7
Stealth        | 1 3 |  3.0
Hexes          | 2 |  2.9
Slings         | |  0.6

Action                   |  1- 3 |  4- 6 |  7- 9 | 10-12 || total
-------------------------+-------+-------+-------+-------++-------
Melee: Long sword        |    83 |   120 |   314 |   395 ||   912
 Fire: Hunting sling     |       |       |    18 |     5 ||    23
Throw: Dart              |       |       |    11 |     3 ||    14
 Cast: Vampiric Draining |       |       |       |     4 ||     4
Invok: Call Merchant     |       |       |       |     1 ||     1
 Abil: Hop               |       |       |     3 |     2 ||     5
Evoke: Wand              |       |       |     8 |    15 ||    23
  Use: Scroll            |       |     3 |     4 |     9 ||    16
       Potion            |       |     1 |     7 |       ||     8
 Stab: Paralysed         |       |       |       |    11 ||    11
       Distracted        |       |       |       |     6 ||     6
Armor: Scale mail        |    34 |    75 |   130 |   129 ||   368
Dodge: Dodged            |    43 |    71 |   183 |   144 ||   441
Block: Buckler           |    19 |    27 |    85 |   122 ||   253

Table legend: (Time is in decaauts)
 A = Elapsed time spent in this place.
 B = Non-inter-level travel time spent in this place.
 C = Inter-level travel time spent in this place.
 D = Time resting spent in this place.
 E = Time spent auto-exploring this place.
 F = Levels seen in this place.
 G = Mean time per level.
                   A        B        C        D        E       F      G
               +--------+--------+--------+--------+--------+-----+--------+
         Total |   9041 |   8526 |    515 |    327 |   5856 |  12 |  753.4 |
       Dungeon |   8918 |   8403 |    515 |    327 |   5856 |  10 |  891.8 |
        Temple |     12 |     12 |      0 |      0 |      0 |   1 |   12.0 |
          Lair |    111 |    111 |      0 |      0 |      0 |   1 |  111.0 |
               +--------+--------+--------+--------+--------+-----+--------+

Top non-repeatable levels by time:
    D:10: 1286 daAuts
     D:7: 1193 daAuts
     D:9: 1150 daAuts
     D:5: 1008 daAuts
     D:3: 948 daAuts
     D:8: 936 daAuts
     D:6: 654 daAuts
     D:4: 615 daAuts
     D:1: 607 daAuts
     D:2: 517 daAuts
  Lair:1: 111 daAuts
  Temple: 12 daAuts
